 Dungeon Crawl Stone Soup version 0.31-a0-868-g674d60d6f7 (webtiles) character file.

Game seed: 3105808871324409265

1388 croobank the Firebug (level 8, -6/58 HPs)
             Began as a Demonspawn Fire Elementalist on Oct 11, 2023.
             Was a Priest of Lugonu.
             Mangled by a gnoll sergeant
             ... wielding a +2 heavy spear
              (14 damage)
             ... on level 6 of the Dungeon on Oct 12, 2023.
             The game lasted 00:43:28 (8319 turns).

croobank the Firebug (Demonspawn Fire Elementalist) Turns: 8319, Time: 00:43:29

Health: -6/58      AC:  6    Str:  9    XL:     8   Next: 40%
Magic:  14/14      EV: 12    Int: 19    God:    Lugonu [***...]
Gold:   296        SH:  0    Dex: 13    Spells: 7/15 levels left

rFire   . . .        s - +3 mace of the Gloaming {elec, rElec}
rCold   + . .        (no shield)
rNeg    . . .        v - +0 leather armour {rC+}
rPois   .            (helmet restricted)
rElec   +            y - +0 cloak
rCorr   .            c - +1 pair of gloves
SInv    .            (no boots)
Will    .....        (no amulet)
Stlth   ++           (no ring)
HPRegen 0.29/turn    (no ring)
MPRegen 0.14/turn

%: no passive effects
@: no status effects
A: horns 2, powered by death 1
a: Renounce Religion, Depart the Abyss, Banish


You were on level 6 of the Dungeon.
You worshipped Lugonu.
Lugonu was most pleased with you.
You visited 1 branch of the dungeon, and saw 6 of its levels.

You collected 296 gold pieces.

Inventory:

Hand Weapons
 k - a +2 whip of flaming
 l - a +0 short sword
 r - a +2 dagger of electrocution
 s - the +3 mace of the Gloaming (weapon) {elec, rElec}
   (You found it on level 5 of the Dungeon)

   rElec:     It insulates you from electricity.
 x - a +3 quarterstaff of chaos
Missiles
 d - 3 poisoned darts
 m - 2 atropa-tipped darts
 q - 5 curare-tipped darts
Armour
 a - a +0 robe
 c - a +1 pair of gloves (worn)
 v - a +0 leather armour of cold resistance (worn)
 y - a +0 cloak (worn)
 z - a +0 buckler
Magical Staves
 g - a staff of death
Wands
 b - a wand of paralysis (16)
 t - a wand of quicksilver (3)
Scrolls
 j - a scroll of teleportation
 u - a scroll of blinking
Potions
 e - 2 potions of enlightenment
 f - 6 potions of attraction
 i - a potion of heal wounds {unknown}
 n - 2 potions of brilliance {unknown}
 o - 2 potions of curing {unknown}
 p - a potion of invisibility {unknown}
 A - a potion of might {unknown}
 B - a potion of degeneration {unknown}


   Skills:
 + Level 3.3 Fighting
 * Level 1.4 Maces & Flails
 + Level 1.0 Armour
 + Level 4.1 Dodging
 + Level 4.4 Stealth
 + Level 4.2 Spellcasting
 + Level 4.0 Conjurations
 * Level 0.0 Transmutations
 + Level 4.5 Fire Magic
 * Level 1.8 Invocations


You had 7 spell levels left.
You knew the following spells:

 Your Spells              Type           Power      Damage    Failure   Level
a - Foxfire               Conj/Fire      80%        2x1d8     3%          1
b - Scorch                Fire           42%        2d6       4%          2
c - Inner Flame           Hex/Fire       12%        N/A       22%         3
w - Wereblood             Tmut           4%         N/A       28%         2

Your spell library contained the following spells:

 Spells                   Type           Power      Damage    Failure   Level
 Apportation              Tloc           8%         N/A       19%         1
 Necrotise                Necr           16%        1d4       19%         1
 Summon Small Mammal      Summ           16%        N/A       19%         1
 Volatile Blastmotes      Fire/Tloc      24%        2d12      22%         3
 Sublimation of Blood     Necr           4%         N/A       28%         2
 Flame Wave               Conj/Fire      20%        2d7       30%         4
 Ozocubu's Armour         Ice            4%         N/A       50%         3
 Animate Dead             Necr           4%         N/A       88%         4
 Metabolic Englaciation   Hex/Ice        2%         N/A       99%         5
 Simulacrum               Ice/Necr       2%         N/A       100%        6
 Haunt                    Necr/Summ      2%         N/A       100%        7
 Summon Hydra             Summ           2%         N/A       100%        7
 Infestation              Necr           2%         N/A       100%        8


Dungeon Overview and Level Annotations

Branches:
Dungeon (6/15)             Temple (0/1) D:5

Altars:
Nemelex Xobeh
Lugonu

Annotations:
D:2 Natasha
D:4 3 runed translucent doors, superbruh's ghost, amateur OgSh


Innate Abilities, Weirdness & Mutations

You have a pair of horns on your head.
You regenerate a little health from kills.


Message History

Found 2 stones.
Okay, then.
Found a robe.
Found a stone staircase leading down.
A gnoll sergeant and 3 gnolls come into view.
The gnoll sergeant is wielding a +2 heavy spear.
Found a stone staircase leading up.
Okay, then.
Okay, then.
As you read the scroll labelled COSAYD OGHI, it crumbles to dust.
It is a scroll of enchant weapon.
Your +1 dagger of electrocution glows red for a moment.
The gnoll shouts!
The gnoll shouts!
The gnoll sergeant hits you from afar with a +2 heavy spear!
You barely miss the gnoll sergeant.
Your headbutt misses the gnoll sergeant.
You punch the gnoll sergeant, but do no damage.
The gnoll sergeant hits you with a +2 heavy spear.
You sock the gnoll sergeant!
The gnoll sergeant is moderately wounded.
The gnoll sergeant hits you with a +2 heavy spear!
You hit the gnoll sergeant but do no damage.
The gnoll sergeant is moderately wounded.
The gnoll sergeant hits you with a +2 heavy spear.
You hit the gnoll sergeant.
The gnoll sergeant is heavily wounded.
The gnoll sergeant misses you.
You hit the gnoll sergeant but do no damage.
The gnoll sergeant is heavily wounded.
The gnoll sergeant hits you with a +2 heavy spear!
You barely miss the gnoll sergeant.
The gnoll sergeant is heavily wounded.
The gnoll sergeant hits you with a +2 heavy spear!
* * * LOW HITPOINT WARNING * * *
You hit the gnoll sergeant.
You headbutt the gnoll sergeant, but do no damage.
The gnoll sergeant is heavily wounded.
The gnoll sergeant hits you with a +2 heavy spear!
You die...

#.......##...#
#.##.......##...#
#.##.......##...##
#.##.......##...##
#g##.......##...##
#g##.......#####..
#g##..............
#g###..>.#........
#@# #....#........
#.# #....#........
###.###....#.......#
#..........'.......#
#######....#......##
#....#......#.
######......#.
#......#. #......##


You could see a gnoll sergeant and 3 gnolls.

Vanquished Creatures
  Sigmund (D:4)
  Menkaure (D:4)
  Duvessa (D:4)
  An orc warrior (D:6)
  2 phantoms
  A scorpion (D:6)
  Dowan (D:4)
  A jelly (D:4)
  3 hounds (D:5)
  3 orc priests
  Crazy Yiuf (D:4)
  2 sleepcaps
  3 iguanas
  Ijyb (D:4)
  Natasha (D:2)
  2 orc wizards
  5 adders
  An ufetubus (D:4)
  3 dart slugs
  5 worms
  17 orcs
  7 endoplasms
  5 giant cockroaches
  5 goblins
  5 hobgoblins
  10 jackals
  11 kobolds
  8 quokkas
  12 ball pythons
  5 bats
  2 frilled lizards
  6 rats
132 creatures vanquished.

Vanquished Creatures (others)
  352 foxfires
352 creatures vanquished.

Grand Total: 484 creatures vanquished

Notes
Turn   | Place    | Note
-------+----------+-------------------------------------------
     0 | D:1      | croobank the Demonspawn Fire Elementalist began the quest
                  | for the Orb.
     0 | D:1      | Reached XP level 1. HP: 13/13 MP: 3/3
   464 | D:1      | Gained mutation: You have a pair of small horns on your
                  | head. [demonic ancestry]
   464 | D:1      | Reached XP level 2. HP: 19/19 MP: 1/5
  1106 | D:2      | Learned a level 2 spell: Scorch
  1201 | D:2      | Noticed a phantom
  1208 | D:2      | Killed a phantom
  1209 | D:2      | Gained mutation: You regenerate a little health from kills.
                  | [demonic ancestry]
  1209 | D:2      | Reached XP level 3. HP: 24/24 MP: 0/6
  1209 | D:2      | Reached XP level 4. HP: 30/30 MP: 0/7
  1452 | D:2      | Found a faded altar of an unknown god.
  1455 | D:2      | You fall into a shaft and drop 1 floor!
  1617 | D:3      | HP: 1/30 [spore (29)]
  1620 | D:2      | Noticed Natasha
  1739 | D:2      | Killed Natasha
  1831 | D:2      | Prayed at the altar of an unknown god.
  1831 | D:2      | Became a worshipper of Lugonu the Unformed
  1831 | D:2      | Reached * piety under Lugonu
  1835 | D:2      | Gained mutation: You have a pair of horns on your head.
                  | [demonic ancestry]
  1835 | D:2      | Reached XP level 5. HP: 36/36 MP: 4/9
  2242 | D:2      | Noticed Natasha
  3307 | D:3      | Found a sparkling altar of Nemelex Xobeh.
  3423 | D:3      | Reached ** piety under Lugonu
  3760 | D:4      | Found a runed translucent gate.
  3769 | D:4      | Noticed superbruh's ghost (amateur OgSh)
  3784 | D:4      | Reached skill level 1 in Fighting
  3935 | D:4      | Found a runed translucent gate.
  3935 | D:4      | Found a runed translucent gate.
  4013 | D:4      | Noticed Duvessa
  4018 | D:4      | Reached XP level 6. HP: 17/43 MP: 10/10
  4022 | D:4      | Killed Duvessa
  4028 | D:5      | Entered Level 5 of the Dungeon
  4319 | D:4      | Noticed Menkaure
  4337 | D:4      | Killed Menkaure
  4338 | D:4      | Reached XP level 7. HP: 48/50 MP: 1/12
  4353 | D:4      | Noticed Dowan
  4396 | D:4      | Killed Dowan
  4730 | D:4      | Noticed Sigmund
  4757 | D:4      | Killed Sigmund
  5099 | D:4      | Noticed Ijyb
  5143 | D:4      | Killed Ijyb
  6033 | D:4      | Found a runed translucent door.
  6034 | D:4      | Noticed Crazy Yiuf
  6042 | D:4      | Killed Crazy Yiuf
  6224 | D:5      | Reached *** piety under Lugonu
  6225 | D:5      | Reached XP level 8. HP: 57/57 MP: 11/14
  6318 | D:5      | Learned a level 3 spell: Inner Flame
  6321 | D:5      | Learned a level 2 spell: Wereblood
  6374 | D:5      | Found a staircase to the Ecumenical Temple.
  6558 | D:5      | Identified the +3 mace of the Gloaming {elec, rElec}
  7984 | D:6      | Reached skill level 1 in Maces & Flails
  7984 | D:6      | Reached skill level 1 in Invocations
  8158 | D:6      | Reached skill level 1 in Armour
  8319 | D:6      | Mangled by a gnoll sergeant

Illustrated notes

Levels and vault maps discovered:
D:1:      spicycebolla_green_bress_n_ham, layout_basic,
          chequers_serial_rivers_small_3
D:2:      layout_loops_cross, ebering_ecumenical_altar_petrified,
          nicolae_figureground_pulse, uniq_natasha
D:3:      layout_loops_cross, mainiacjoe_overflow_chevrons
D:4:      layout_basic, gammafunk_ghost_split, uniq_ijyb, uniq_menkaure,
          uniq_sigmund, uniq_crazy_yiuf_cottage, uniq_duvessa
D:5:      layout_basic, minmay_temple_entry_slanted, serial_co_window_serial,
          co_window_paths_a, co_window_paths_b, co_window_corner_a,
          co_window_of_opportunity_a, co_window_paths_a, co_window_broadway_b,
          co_window_of_opportunity_c, co_window_broadway_a,
          co_window_of_opportunity_c, co_window_broadway_a,
          co_window_unsneaky_path_c, co_window_paths_e, co_window_paths_d,
          glass_columns_a, glass_columns_a, glass_columns_b
D:6:      layout_basic, kennysheep_mini_moat,
          nicolae_hepliaklqana_monster_ancestors, wad_floor_pattern_untrapped

Skill      XL: |  1  2  3  4  5  6  7  8 |
---------------+-------------------------+-----
Stealth        | 2 3 4 |  4.4
Dodging        | 2 3 4 |  4.1
Conjurations   | 2 3 4 |  4.0
Fire Magic     | 3 4 |  4.5
Fighting       | 1 2 3 |  3.3
Spellcasting   | 3 4 |  4.2
Maces & Flails | 1 |  1.4
Invocations    | 1 |  1.8
Armour         | 1 |  1.0

Action                     |  1- 3 |  4- 6 |  7- 9 || total
---------------------------+-------+-------+-------++-------
  Melee: Whip              |     5 |    77 |       ||    82
         Headbutt          |     1 |    10 |     9 ||    20
         Punch             |       |     1 |     1 ||     2
         Dagger            |       |       |    15 ||    15
         Mace              |       |       |    27 ||    27
  Throw: Dart              |       |     1 |       ||     1
   Cast: Foxfire           |    51 |    78 |    84 ||   213
         Scorch            |     1 |    45 |    32 ||    78
  Evoke: Wand              |       |       |     1 ||     1
    Use: Scroll            |       |     3 |     9 ||    12
         Potion            |       |       |     1 ||     1
   Stab: Sleeping          |       |     1 |     3 ||     4
         Paralysed         |       |       |     3 ||     3
 Armour: Robe              |     1 |    40 |    15 ||    56
         Leather armour    |       |       |    27 ||    27
  Dodge: Dodged            |       |    62 |    34 ||    96

Table legend: (Time is in decaauts)
 A = Elapsed time spent in this place.
 B = Non-inter-level travel time spent in this place.
 C = Inter-level travel time spent in this place.
 D = Time resting spent in this place.
 E = Time spent auto-exploring this place.
 F = Levels seen in this place.
 G = Mean time per level.
                   A        B        C        D        E       F      G
               +--------+--------+--------+--------+--------+-----+--------+
         Total |   8337 |   8128 |    209 |   2468 |   4447 |   6 | 1389.5 |
       Dungeon |   8337 |   8128 |    209 |   2468 |   4447 |   6 | 1389.5 |
               +--------+--------+--------+--------+--------+-----+--------+

Top non-repeatable levels by time:
     D:4: 2167 daAuts
     D:5: 1741 daAuts
     D:2: 1417 daAuts
     D:3: 1312 daAuts
     D:1: 992 daAuts
     D:6: 706 daAuts
